AoeStats
← SICHOSO

Fortress

510263085Analyzed
3v3 RM · 2d ago on Sep 30, 2026· 68m 2s· 6 players
Game mode
Random Map
Map size
Large (8 player)
Population
200
Speed
Normal
Resources
Standard
Victory
Conquest
Starting age
Dark Age
Ending age
Imperial Age
RankedLock teamsTeams togetherTeam positionsShared explorationLock speedFull tech treeHidden civsTurbo modeCheats
Victory
Defeat
🇲🇽 Spanish · Mexico
1129
+13
🇲🇽 Goths · Mexico
1049
+16
🇲🇽 Persians · Mexico
956
+20
🇲🇽 Celts · Mexico
1203
-23
1004
-14
🇲🇽 Byzantines · Mexico
943
-12
Midi
8:45 Feudal Age
10:02 Double-Bit Axe
12:24 Castle Age
10:16 Double-Bit Axe
10:54 Horse Collar
13:18 Bow Saw
13:19 Loom
14:25 Heavy Plow
18:52 Town Watch
19:43 Wheelbarrow
20:49 Gold Mining
21:00 Town Watch
21:18 Pikeman
35:41 Hand Cart
35:33 Town Patrol
36:21 Anarchy
40:15 Imperial Age
38:00 Forging
37:55 Scale Barding Armor
39:26 Iron Casting
39:03 Scale Mail Armor
41:05 Perfusion
42:07 Blast Furnace
42:11 Chain Mail Armor
42:33 Elite Huskarl
47:18 Halberdier
51:43 Squires
51:05 Man-at-Arms
51:40 Fletching
51:50 Padded Archer Armor
51:36 Long Swordsman
53:01 Two-Handed Swordsman
56:30 Careening
56:30 Murder Holes
56:57 Ballistics
58:38 Champion
62:11 Chemistry
65:13 Bodkin Arrow
65:33 Leather Archer Armor
65:59 Light Cavalry
67:18 Caravan
SICHOSO
4:19 Loom
12:44 Feudal Age
18:50 Castle Age
18:18 Bloodlines
25:07 Scale Barding Armor
25:13 Forging
29:03 Chain Barding Armor
29:20 Iron Casting
35:46 Imperial Age
37:15 Fletching
39:43 Guilds
40:53 Horse Collar
40:58 Pikeman
41:39 Squires
41:25 Arson
41:27 Gambesons
41:32 Halberdier
42:26 Double-Bit Axe
42:48 Caravan
42:21 Cavalier
43:01 Husbandry
45:30 Elite War Elephant
46:46 Hoardings
52:54 Kamandaran
53:05 Citadels
53:54 Murder Holes
54:21 Ballistics
56:44 Bodkin Arrow
Gorozpe28
7:39 Feudal Age
8:24 Loom
8:43 Town Watch
11:24 Castle Age
10:44 Forging
10:29 Fletching
10:35 Double-Bit Axe
10:31 Horse Collar
12:12 Husbandry
20:08 Wheelbarrow
23:35 Padded Archer Armor
27:07 Leather Archer Armor
26:54 Bodkin Arrow
27:38 Ballistics
28:40 Leather Archer Armor
30:07 Stone Mining
30:10 Gold Mining
31:31 Bloodlines
36:34 Imperial Age
35:20 Stone Shaft Mining
35:36 Bow Saw
35:53 Thumb Ring
36:09 Heavy Plow
37:48 Conscription
38:36 Chemistry
37:58 Hand Cart
37:48 Bracer
39:02 Two-Man Saw
38:49 Block Printing
39:01 Supremacy
38:55 Murder Holes
39:09 Cavalier
40:12 Forging
40:33 Redemption
41:45 Scale Barding Armor
41:55 Masonry
42:06 Elite Conquistador
44:52 Paladin
54:35 Iron Casting
55:10 Chain Barding Armor
56:42 Blast Furnace
56:00 Herbal Medicine
56:41 Theocracy
57:41 Scale Mail Armor
58:17 Plate Barding Armor
59:45 Hoardings
59:11 Gambesons
58:47 Man-at-Arms
59:55 Light Cavalry
60:43 Squires
60:03 Long Swordsman
60:34 Arson
60:39 Two-Handed Swordsman
61:21 Scale Mail Armor
61:24 Town Patrol
61:45 Champion
62:02 Pikeman
63:21 Halberdier
66:17 Hussar
[HDAO] Adrian el del eich
10:50 Feudal Age
14:33 Castle Age
12:29 Gold Mining
12:25 Horse Collar
12:37 Double-Bit Axe
13:32 Scale Mail Armor
13:52 Forging
14:56 Wheelbarrow
15:13 Heavy Plow
20:51 Hand Cart
20:54 Bow Saw
21:55 Chain Mail Armor
22:38 Iron Casting
21:57 Arson
24:26 Ironclad
30:53 Imperial Age
31:28 Scale Barding Armor
32:49 Blast Furnace
31:26 Cavalier
32:17 Bloodlines
32:58 Chain Barding Armor
33:28 Conscription
34:49 Crop Rotation
35:41 Plate Barding Armor
36:29 Paladin
37:41 Loom
40:15 Plate Mail Armor
39:51 Pikeman
40:32 Squires
40:40 Town Watch
43:21 Halberdier
44:55 Gambesons
47:09 Man-at-Arms
48:09 Long Swordsman
50:04 Two-Man Saw
48:32 Elite Teutonic Knight
58:49 Caravan
64:36 Two-Handed Swordsman
Soguer
7:34 Feudal Age
11:38 Castle Age
11:13 Loom
12:55 Gambesons
19:32 Pikeman
27:37 Scale Mail Armor
39:59 Double-Bit Axe
44:05 Chain Mail Armor
46:06 Forging
45:53 Man-at-Arms
47:38 Iron Casting
47:35 Long Swordsman
48:51 Horse Collar
50:05 Wheelbarrow
50:38 Fletching
53:56 Imperial Age
54:01 Halberdier
55:35 Plate Mail Armor
57:17 Capped Ram
63:03 Blast Furnace
63:03 Conscription
62:23 Two-Handed Swordsman
62:53 Heavy Scorpion
65:01 Ballistics
[HDAO] LiquidFlux
6:52 Feudal Age
8:58 Gold Mining
9:20 Double-Bit Axe
12:28 Wheelbarrow
17:26 Castle Age
16:00 Stone Mining
19:28 Stone Shaft Mining
24:33 Forging
25:04 Loom
25:36 Hand Cart
26:48 Iron Casting
31:31 Scale Barding Armor
36:58 Imperial Age
34:57 Chain Barding Armor
38:08 Caravan
38:07 Man-at-Arms
38:33 Gambesons
38:49 Squires
38:36 Arson
40:29 Long Swordsman
41:20 Scale Mail Armor
41:56 Plate Barding Armor
45:21 Pikeman
46:53 Gold Shaft Mining
46:18 Halberdier
48:00 Chain Mail Armor
60:03 Two-Handed Swordsman
61:24 Logistica
66:39 Champion
Connection lost

Rejoining the realm…

Still unreachable

The connection could not be restored.

Session expired

The server has moved on; the page needs a fresh start.